 Dungeon Crawl Stone Soup version 0.30.1-4-g462c640d31 (webtiles) character file.

Game seed: 11459340052918343513

18879 spardeous the Thaumaturge (level 12, 0/81 HPs)
             Began as a Demigod Conjurer on Aug 15, 2023.
             Slain by a cane toad (13 damage)
             ... on level 4 of the Lair of Beasts.
             The game lasted 00:23:29 (12825 turns).

spardeous the Thaumaturge (Demigod Conjurer)       Turns: 12825, Time: 00:23:31

Health: 0/81       AC: 17    Str: 11    XL:     12   Next: 5%
Magic:  17/33      EV: 14    Int: 34    God:
Gold:   195        SH:  0    Dex: 14    Spells: 21/35 levels left

rFire   . . .        y - +0 dagger (elec)
rCold   . . .        (no shield)
rNeg    + . .        V - +6 scale mail of Quantum Leap {Int+7 Dex-3}
rPois   +            (no helmet)
rElec   .            G - +2 ratskin cloak {*Rats rPois rN+ Str-1 Int-1 Dex+1}
rCorr   .            C - +1 pair of gloves of Dygyiq {+Inv Fly rPois}
SInv    .            (no boots)
Will    ++...        D - amulet of magic regeneration
Stlth   +            E - ring of willpower
HPRegen 0.33/turn    s - +5 ring of evasion
MPRegen 0.63/turn

%: no passive effects
@: flying
A: high MP 1, forlorn, divine attributes
a: Evoke Invisibility


You were on level 4 of the Lair of Beasts.
You visited 2 branches of the dungeon, and saw 13 of its levels.
You also visited: Sewer.

You collected 653 gold pieces.
You spent 458 gold pieces at shops.

Inventory:

Hand Weapons
 y - a +0 dagger of electrocution (weapon)
Missiles
 W - 2 throwing nets
Armour
 C - the +1 pair of gloves of Dygyiq (worn) {+Inv Fly rPois}
   (You found it on level 5 of the Dungeon)

   rPois:     It protects you from poison.
   +Inv:      It lets you turn invisible.
   Fly:       It grants you flight.
 G - the +2 ratskin cloak (worn) {*Rats rPois rN+ Str-1 Int-1 Dex+1}
   (You found it on level 6 of the Dungeon)

   *Rats:     When the wearer is hurt, rats may emerge from it to assist them.
   Str:       It affects your strength (-1).
   Int:       It affects your intelligence (-1).
   Dex:       It affects your dexterity (+1).
   rPois:     It protects you from poison.
   rN:        It protects you from negative energy.
 I - a +0 pair of gloves
 V - the +6 scale mail of Quantum Leap (worn) {Int+7 Dex-3}
   (You bought it in a shop on level 1 of the Dungeon)

   Int:       It affects your intelligence (+7).
   Dex:       It affects your dexterity (-3).
Jewellery
 f - a ring of flight
 s - a +5 ring of evasion (right hand)
 z - an amulet of regeneration
 D - an amulet of magic regeneration (around neck)
 E - a ring of willpower (left hand)
 H - a ring of positive energy
 Q - a ring of wizardry
 R - an amulet of reflection
 T - a ring of wizardry
 U - an amulet of guardian spirit
Wands
 a - a wand of flame (11)
 k - a wand of mindburst (3)
 F - a wand of polymorph (12)
 K - a wand of digging (8)
 O - a wand of iceblast (12)
 S - a wand of charming (14)
Scrolls
 c - 4 scrolls of blinking
 d - 2 scrolls of enchant weapon
 e - 4 scrolls of vulnerability
 g - 2 scrolls of enchant armour
 n - 8 scrolls of teleportation
 p - 2 scrolls of magic mapping
 r - 2 scrolls of silence
 t - a scroll of poison
 u - a scroll of noise
 v - a scroll of brand weapon
 w - 2 scrolls of fog
 J - 2 scrolls of immolation
 L - a scroll of amnesia
 P - a scroll of fear
Potions
 b - 2 potions of magic
 h - 10 potions of curing
 i - 7 potions of degeneration
 j - 3 potions of heal wounds {unknown}
 l - 2 potions of lignification {unknown}
 m - a potion of brilliance {unknown}
 o - 3 potions of ambrosia {unknown}
 q - 6 potions of flight
 x - 2 potions of berserk rage {unknown}
 A - 2 potions of attraction {unknown}
 B - a potion of haste {unknown}
 M - 2 potions of mutation {unknown}
 N - a potion of might {unknown}


   Skills:
 - Level 1.7 Dodging
 - Level 1.7 Stealth
 + Level 12.2 Spellcasting
 - Level 10.1 Conjurations
 - Level 8.5 Translocations
 - Level 4.8 Earth Magic


You had 21 spell levels left.
You knew the following spells:

 Your Spells              Type           Power      Damage    Failure   Level
a - Magic Dart            Conj           100%       1d8       1%          1
b - Searing Ray           Conj           100%       2d8       1%          2
c - Iskenderun's Mystic   Conj/Tloc      71%        2d14      3%          4
d - Stone Arrow           Conj/Erth      100%       3d13      1%          3
e - Leda's Liquefaction   Hex/Erth       18%        N/A       45%         4

Your spell library contained the following spells:

 Spells                   Type           Power      Damage    Failure   Level
 Dazzling Flash           Conj/Hex       100%       N/A       4%          3
 Portal Projectile        Hex/Tloc       98%        N/A       7%          3
 Slow                     Hex            80%        N/A       14%         1
 Fulminant Prism          Conj/Hex       26%        3d14      17%         4
 Sublimation of Blood     Necr           20%        N/A       21%         2
 Wereblood                Tmut           20%        N/A       21%         2
 Call Canine Familiar     Summ           20%        N/A       38%         3
 Confusing Touch          Hex            20%        N/A       38%         3
 Vampiric Draining        Necr           20%        2d7       38%         3
 Animate Armour           Summ/Erth      74%        N/A       45%         4
 Summon Lightning Spire   Summ/Air       20%        N/A       80%         4
 Storm Form               Tmut/Air       10%        N/A       100%        7
 Summon Hydra             Summ           10%        N/A       100%        7
 Lehudib's Crystal Spear  Conj/Erth      32%        10d8      100%        8
 Maxwell's Capacitive Co  Air            10%        ∞         100%        8


Dungeon Overview and Level Annotations

Branches:
Dungeon (10/15)            Temple (0/1) D:6            Lair (2/5) D:10
  Swamp (0/4) Lair:2        Sewer (visited)
  Snake: Lair:2-3    Spider: Lair:2-3       Orc: D:9-12

Shops:
D:1 [   D:10 *?[:


Innate Abilities, Weirdness & Mutations

You have an increased reservoir of magic. (+10% MP)
You shall have no god before yourself.
Your divine heritage dramatically boosts your attributes as you level up.


Message History

You regained 4 hp, and now have 44/81 hp.
You now have 19/32 mp.
Casting: Iskenderun's Mystic Blast (dangerous; 3% risk of failure)
Confirm with . or Enter, or press ? or * to list all spells.
You erupt in a blast of force!
The mystic blast hits the yak!
The yak is severely wounded.
The yak is knocked back by the mystic blast.
The yak collides with the yak!
The yak is severely wounded.
You kill the yak!
The mystic blast hits the yak!
The yak is almost dead.
The yak is knocked back by the mystic blast.
The mystic blast hits the dream sheep!
You kill the dream sheep!
The mystic blast hits the cane toad.
The cane toad is lightly wounded.
The cane toad is knocked back by the mystic blast.
The cane toad slams into the stone wall!
You hear a roar!
You hear a trumpeting!
You hear a howl!
You hear an angry hiss.
A yak comes into view. x4
You hear a trumpeting!
You hear an angry hiss.
You now have 16/33 mp.
Unknown command.
Unknown command.
Unknown command.
An elephant comes into view.
The elephant trumpets!
You hear a trumpeting!
The cane toad stings you.
The dream sheep shake their wool and sparkle.
You feel drowsy...
You fall asleep.
An elephant comes into view.
The cane toad stings you!!
You wake up.
* * * LOW HITPOINT WARNING * * *
A hell rat scurries out from under your cloak.
A six-headed hydra comes into view.
The yak closely misses your hell rat. The yak gores your hell rat.
The cane toad stings you!
You die...

...........
.............
....... ....
..... .....
... .Y.Y# .
#l##Y.Y..#
...###..#YY..#
.....†...F#
......Yr@##
.....YY##.#
..Y...# .Y.
..YD## ..##
..Y. ... ._.
.8.. ....Y
..##.#


You could see a six-headed hydra, 2 elephants, 9 yaks, a cane toad (ally
target), a basilisk, 3 dream sheep and a friendly hell rat.

Vanquished Creatures
  Harold (Lair:1)
  A ghost crab (Lair:2)
  A catoblepas (Lair:1)
  2 two-headed ogres
  Pikel (D:6)
  A wolf spider (Lair:1)
  5 elephants (Lair:1)
  Joseph (D:9)
  4 cane toads
  A troll (D:10)
  Prince Ribbit (D:9)
  8 blink frogs
  3 dream sheep (Lair:4)
  A spectral black mamba (Lair:2)
  Sigmund (D:6)
  A wyvern (D:9)
  22 yaks
  2 basilisks (Lair:1)
  Grum (D:8)
  A spectral komodo dragon (Lair:2)
  4 orc warriors
  A spectral yak (Lair:2)
  5 water moccasins
  A black bear (D:6)
  2 ogres
  11 wolves
  6 centaurs
  A spectral rime drake (Lair:2)
  A phantom (D:4)
  A kobold brigand (D:8)
  A gnoll sergeant (D:9)
  6 bullfrogs
  3 scorpions
  3 wights (D:8)
  A spectral wolf (Lair:2)
  4 hounds
  2 jellies
  7 orc priests
  A gnoll bouda (D:8)
  A sleepcap (D:6)
  2 iguanas
  15 orc wizards
  9 gnolls
  19 adders
  5 river rats (Sewer)
  4 shadow imps
  A white imp (D:6)
  2 ufetubi
  3 worms
  A dart slug (D:1)
  15 orcs
  5 endoplasms
  2 giant cockroaches
  7 goblins
  A hobgoblin (D:2)
  7 jackals (Sewer)
  12 kobolds
  4 quokkas
  6 ball pythons (Sewer)
  8 bats
  3 frilled lizards
  9 rats
261 creatures vanquished.

Vanquished Creatures (collateral kills)
  A yak (Lair:1)
  An acid dragon (D:9)
  A scorpion (D:6)
  An orc priest (D:9)
  An orc (D:9)
5 creatures vanquished.

Grand Total: 266 creatures vanquished

Notes
Turn   | Place    | Note
-------+----------+-------------------------------------------
     0 | D:1      | spardeous the Demigod Conjurer began the quest for the Orb.
     0 | D:1      | Reached XP level 1. HP: 14/14 MP: 5/5
   515 | D:1      | Reached skill level 2 in Spellcasting
   600 | D:1      | Found Gaguna's Antique Armour Shoppe.
   855 | D:2      | Reached XP level 2. HP: 20/20 MP: 2/7
  1274 | D:2      | Reached XP level 3. HP: 26/26 MP: 5/9
  1756 | D:3      | Learned a level 2 spell: Searing Ray
  2006 | D:3      | Reached skill level 3 in Spellcasting
  2006 | D:3      | Reached XP level 4. HP: 33/33 MP: 6/11
  2182 | D:3      | Found a transporter.
  2281 | D:3      | Found a transporter.
  2761 | D:4      | Reached skill level 5 in Conjurations
  2761 | D:4      | Reached XP level 5. HP: 38/38 MP: 7/13
  3093 | D:4      | Reached skill level 4 in Spellcasting
  3187 | D:4      | Noticed an ogre
  3190 | D:4      | Reached XP level 6. HP: 45/45 MP: 10/15
  3380 | D:5      | Entered Level 5 of the Dungeon
  3402 | D:5      | Noticed a water moccasin
  3410 | D:5      | Killed a water moccasin
  3578 | D:5      | Learned a level 4 spell: Iskenderun's Mystic Blast
  3845 | D:5      | Identified the +1 pair of gloves of Dygyiq {+Inv Fly rPois}
  3858 | D:5      | Reached XP level 7. HP: 43/50 MP: 11/17
  3912 | D:5      | Reached skill level 5 in Spellcasting
  4451 | D:5      | Found a large runed translucent door.
  4452 | D:5      | Found a large runed translucent door.
  4785 | D:6      | Reached skill level 1 in Translocations
  4812 | D:6      | Found the +2 ratskin cloak {*Rats rPois rN+ Str-1 Int-1
                  | Dex+1}
  4869 | D:6      | Found a glowing drain.
  4907 | Sewer    | Entered a sewer
  5099 | Sewer    | Reached XP level 8. HP: 57/57 MP: 16/19
  5468 | D:6      | Noticed Sigmund
  5480 | D:6      | Killed Sigmund
  5640 | D:6      | Reached skill level 5 in Translocations
  5781 | D:6      | Found a staircase to the Ecumenical Temple.
  6092 | D:7      | Noticed Pikel
  6109 | D:6      | Killed Pikel
  6143 | D:7      | Reached XP level 9. HP: 61/62 MP: 17/20
  6677 | D:7      | Learned a level 3 spell: Stone Arrow
  6721 | D:8      | Noticed Grum
  6739 | D:8      | Killed Grum
  6872 | D:8      | Noticed a two-headed ogre
  6895 | D:8      | Killed a two-headed ogre
  7270 | D:8      | Reached skill level 10 in Conjurations
  7272 | D:8      | Reached XP level 10. HP: 69/69 MP: 5/21
  7427 | D:9      | Reached skill level 1 in Earth Magic
  7435 | D:9      | Noticed Joseph
  7772 | D:9      | Killed Joseph
  8580 | D:9      | Reached skill level 6 in Spellcasting
  8583 | D:9      | Noticed Prince Ribbit
  8590 | D:9      | Killed Prince Ribbit
  9485 | D:1      | Bought a smoking ring mail for 180 gold pieces
  9485 | D:1      | Identified the +1 ring mail of Jagh {rN+} (You bought it in
                  | a shop on level 1 of the Dungeon)
  9485 | D:1      | Bought a shimmering scale mail for 180 gold pieces
  9485 | D:1      | Identified the +6 scale mail of Quantum Leap {Int+7 Dex-3}
                  | (You bought it in a shop on level 1 of the Dungeon)
  9711 | D:10     | Entered Level 10 of the Dungeon
  9726 | D:10     | Found Gokuewu's General Store.
  9840 | D:10     | Found Jadeq's Magic Scroll Shop.
  9852 | D:10     | Bought a scroll of teleportation for 42 gold pieces
  9852 | D:10     | Bought a scroll of identify for 28 gold pieces
  9852 | D:10     | Bought a scroll of identify for 28 gold pieces
  9869 | D:10     | Found Heashruh's Armour Boutique.
  9886 | D:10     | Found a staircase to the Lair.
  9910 | D:10     | Noticed a two-headed ogre
  9923 | D:10     | Killed a two-headed ogre
  9924 | D:10     | Reached skill level 7 in Spellcasting
  9930 | D:10     | Learned a level 4 spell: Leda's Liquefaction
  9970 | D:10     | Noticed a cyclops
 10103 | D:10     | Found Hesmidofe's Book Shop.
 10103 | D:10     | Noticed a centaur warrior
 10121 | D:10     | HP: 1/69 [centaur warrior/arrow (25)]
 10122 | Lair:1   | Entered Level 1 of the Lair of Beasts
 10581 | Lair:1   | Reached skill level 8 in Spellcasting
 10665 | Lair:1   | Noticed Harold
 10688 | Lair:1   | Noticed a catoblepas
 10711 | Lair:1   | Reached XP level 11. HP: 53/74 MP: 16/27
 10742 | Lair:1   | Killed a catoblepas
 10829 | Lair:1   | Reached skill level 9 in Spellcasting
 10854 | Lair:1   | Killed Harold
 11021 | Lair:1   | Reached skill level 10 in Spellcasting
 11354 | Lair:1   | Reached skill level 11 in Spellcasting
 12648 | Lair:2   | Noticed a ghost crab
 12649 | Lair:2   | Found a staircase to the Swamp.
 12674 | Lair:2   | Killed a ghost crab
 12817 | Lair:2   | You are sucked into a shaft and drop 2 floors!
 12823 | Lair:4   | Reached skill level 12 in Spellcasting
 12823 | Lair:4   | Reached XP level 12. HP: 44/81 MP: 19/32
 12825 | Lair:4   | Noticed a six-headed hydra
 12825 | Lair:4   | Slain by a cane toad

Illustrated notes

Levels and vault maps discovered:
D:1:      tarquinn_simple_flora_water_a, layout_basic,
          shapermc_ecumenical_altar_hornbeckon, serial_shops,
          nicolae_lakefront_shop
D:2:      layout_rooms, basic_altar
D:3:      gammafunk_wand_slinger, layout_loops_ring, nicolae_uskayaw_suspiria
D:4:      layout_rooms, interstate_on_off
D:5:      layout_loops_cross, jmf_multi_god_temple2
D:6:      layout_loops_ring, mainiacjoe_overflow_alcove_1,
          minmay_temple_entry_large_hall, portal_sewer_entry_c, uniq_sigmund
D:7:      minmay_flawed_box, layout_cave_pools, uniq_pikel
D:8:      layout_gridville, mainiacjoe_overflow_alcove_4, uniq_grum
D:9:      layout_layer_cave, uniq_joseph, uniq_prince_ribbit1
D:10:     layout_long_grid, lair_entry_dummy, serial_shops,
          nicolae_shop_crystal, nicolae_shop_crystal, shop, shop
Lair:1:   layout_cave_pods, serial_bayou_lagoon_a,
          chequers_serial_rivers_micro_b, nicolae_lair_run_with_the_wolves,
          grunt_megastairs_3, lemuel_fruit_tree, serial_bayou_shore_b,
          serial_bayou_shore_b, infiniplex_staircase_pool, uniq_harold
Lair:2:   layout_gridlike, nicolae_swamp_entry_spooky
Lair:4:   layout_regular_city, nicolae_slime_entry_slimehenge, basic_altar,
          bobbens_dragon_lair_wall, grunt_megastairs_1

Skill      XL: |  1  2  3  4  5  6  7  8  9 10 11 |
---------------+----------------------------------+-----
Spellcasting   | 2 3 4 5 8 12 | 12.2
Conjurations   | 4 5 6 7 10 | 10.1
Translocations | 3 7 8 |  8.5
Earth Magic    | 4 |  4.8
Dodging        | |  1.7
Stealth        | |  1.7

Action                     |  1- 3 |  4- 6 |  7- 9 | 10-12 || total
---------------------------+-------+-------+-------+-------++-------
  Melee: Unarmed           |    12 |       |       |       ||    12
         Dagger            |       |       |    28 |    48 ||    76
         Punch             |       |       |       |     3 ||     3
   Cast: Magic Dart        |    64 |    87 |   145 |    21 ||   317
         Searing Ray       |     2 |     6 |    44 |    14 ||    66
         Iskenderun's Myst |       |       |    25 |   114 ||   139
         Stone Arrow       |       |       |       |    30 ||    30
    Use: Scroll            |       |       |       |    14 ||    14
   Stab: Distracted        |       |       |       |     1 ||     1
 Armour: Robe              |     2 |     2 |     3 |       ||     7
         Ring mail         |       |       |    42 |    10 ||    52
         Scale mail        |       |       |       |    59 ||    59
  Dodge: Dodged            |    19 |    15 |   109 |   121 ||   264
